 Dungeon Crawl Stone Soup version 0.21-a0-552-g593960d (webtiles) character file.

138 Lasiace the Poker (level 5, 0/49 HPs)
             Began as a Naga Skald on Dec 16, 2017.
             Was an Initiate of Okawaru.
             Slain by an orc
             ... wielding a +0 mace
              (4 damage)
             ... on level 2 of the Dungeon.
             The game lasted 00:08:57 (2335 turns).

Lasiace the Poker (Naga Skald)                      Turns: 2335, Time: 00:08:57

Health: 0/49       AC:  4    Str: 17 (18) XL:     5   Next: 21%
Magic:  3/8        EV:  9    Int: 18 (19) God:    Okawaru [......]
Gold:   45         SH:  0    Dex:  8 (11) Spells: 5/8 levels left

rFire    + . .     SeeInvis +   a - +0 spear
rCold    + + .     Gourm    .   (no shield)
rNeg     . . .     Faith    .   d - +0 leather armour
rPois    +         Spirit   .   D - +0 helmet
rElec    +         Reflect  .   (no cloak)
rCorr    +         Harm     .   (no gloves)
MR       .....                  (no barding)
Stlth    +.........             (no amulet)
HPRegen  0.16/turn              (no ring)
MPRegen  0.11/turn              (no ring)

@: mighty, brilliant, short of breath, resistant, flying, hasted, quick
A: large, see invisible, cold resistance 1, deformed body, poison resistance,
robust 1, slowness 2, slow metabolism 1, spit poison 2, subdued magic 1, AC +1
a: Breathe Poison Gas, Renounce Religion


You were on level 2 of the Dungeon.
You worshipped Okawaru.
Okawaru was noncommittal.
You were hungry.

You visited 1 branch of the dungeon, and saw 2 of its levels.

You collected 45 gold pieces.

Inventory:

Hand Weapons
 a - a +0 spear (weapon)
Missiles
 h - 2 throwing nets {=f !f @Q7 @f7}
Armour
 d - a +0 leather armour (worn)
 D - a +0 helmet (worn)
Scrolls
 c - a scroll of enchant armour {unknown}
 e - 5 scrolls of identify {unknown}
 m - a scroll of teleportation {unknown}
 r - 2 scrolls of remove curse {unknown}
 t - a scroll of blinking {unknown}
Potions
 i - 2 potions of flight
Books
 B - a book of Battle

   Spells                             Type                      Level
   a - Infusion                       Charms                       1
   b - Shroud of Golubria             Charms/Translocation         2
   c - Song of Slaying                Charms                       2
   d - Spectral Weapon                Hexes/Charms                 3
   e - Regeneration                   Charms/Necromancy            3
Comestibles
 b - a bread ration
 f - a meat ration
 n - a royal jelly
 s - a chunk of flesh


   Skills:
 - Level 2.0 Fighting
 + Level 4.5 Polearms
 - Level 0.7 Armour
 - Level 1.5 Dodging
 - Level 2.0 Spellcasting
 - Level 4.0 Charms


You had 5 spell levels left.
You knew the following spells:

 Your Spells              Type           Power        Failure   Level  Hunger
a - Infusion              Chrm           ###.         1%          1    #......
g - Shroud of Golubria    Chrm/Tloc      ###.......   1%          2    ###....


Dungeon Overview and Level Annotations

Branches:
Dungeon (2/15)

Altars:
Okawaru


Innate Abilities, Weirdness & Mutations

You cannot wear boots.
Your serpentine skin is tough. (AC +1)
You have supernaturally acute eyesight. (SInv)
Armour fits poorly on your strangely shaped body.
Your system is resistant to poisons. (rPois)
You cover ground very slowly.
You have a slow metabolism.
You can exhale a cloud of poison.
Your flesh is cold resistant. (rC+)
You are robust. (+10% HP)
Your spells are a little easier to cast, but a little less powerful.


Message History

Okawaru accepts your kill.
You have reached level 5!
The orc throws a tomahawk.
The tomahawk closely misses you.
Okay, then.
It was a potion of resistance.
You feel protected.
The orc throws a tomahawk.
The tomahawk hits you.
* * * LOW HITPOINT WARNING * * *
It was a potion of might.
You feel very mighty all of a sudden.
The orc throws a tomahawk.
The tomahawk closely misses you.
It was a potion of brilliance.
You feel clever all of a sudden.
The orc throws a tomahawk.
The tomahawk closely misses you.
It was a potion of degeneration.
There was something very wrong with that liquid.
You feel weakened.
You feel dopey.
You feel clumsy.
It was a potion of haste.
You feel yourself speed up.
You barely miss the orc. The orc hits you with a mace.
You die...

#.#.# #.. #.#.# #..
#...# #.. #...# ###
#..># ## . #.#.# #. ...
#.#.# #.
.....######.#.#########.
.....)o@...(#...........
.....###################
##.


You could see an orc.

Vanquished Creatures
  An orc wizard (D:2)
  An orc priest (D:2)
  3 adders (D:2)
  A worm (D:2)
  A dart slug (D:1)
  2 leopard geckos (D:1)
  An orc (D:2)
  2 giant cockroaches
  3 goblins
  7 hobgoblins
  A ball python (D:1)
  9 bats
  4 frilled lizards (D:2)
  5 kobolds
  5 rats
46 creatures vanquished.

Notes
Turn   | Place    | Note
-------+----------+-------------------------------------------
     0 | D:1      | Lasiace the Naga Skald began the quest for the Orb.
     0 | D:1      | Reached XP level 1. HP: 19/19 MP: 3/3
     0 | D:1      | Noticed a shadow dragon
     2 | D:1      | Noticed a green draconian
     5 | D:1      | Noticed an orb of fire
     7 | D:1      | Noticed an orb of fire
     8 | D:1      | Noticed a large abomination
    10 | D:1      | Noticed an iron dragon
    12 | D:1      | Noticed a red draconian
    14 | D:1      | Noticed a shadow dragon
    14 | D:1      | Noticed an orb of fire
    16 | D:1      | Noticed an ice dragon
    16 | D:1      | Noticed a golden dragon
    16 | D:1      | Noticed a yellow draconian
    18 | D:1      | Noticed an ice dragon
    20 | D:1      | Noticed a shadow dragon
   454 | D:1      | Reached XP level 2. HP: 25/26 MP: 5/5
   643 | D:1      | Learned a level 2 spell: Shroud of Golubria
   963 | D:1      | Reached XP level 3. HP: 32/32 MP: 3/6
  1977 | D:2      | Reached XP level 4. HP: 35/39 MP: 2/7
  2080 | D:2      | Found an iron altar of Okawaru.
  2089 | D:2      | Became a worshipper of Warmaster Okawaru
  2322 | D:2      | Gained mutation: You can exhale a cloud of poison. [potion of mutation]
  2322 | D:2      | Gained mutation: Your flesh is cold resistant. (rC+) [potion of mutation]
  2322 | D:2      | Gained mutation: Your spells are a little easier to cast, but a little less powerful. [potion of mutation]
  2322 | D:2      | Gained mutation: You are robust. (+10% HP) [potion of mutation]
  2329 | D:2      | Reached XP level 5. HP: 4/49 MP: 2/8
  2335 | D:2      | Slain by an orc

Vault maps used:
D:1:      shiori_arrival_whats_in_store_for_you
D:2:      lemuel_zombie_altar_yredelemnul, okawaru_gym_becter

Skill      XL: |  1  2  3  4 |
---------------+-------------+-----
Charms         | 4 |  4.0
Polearms       | 3 4 |  4.5
Fighting       | |  2.0
Armour         | |  0.7
Dodging        | |  1.5
Spellcasting   | |  2.0

Action                   |  1- 3 |  4- 6 || total
-------------------------+-------+-------++-------
Melee: Spear             |   108 |    61 ||   169
 Cast: Infusion          |    15 |     3 ||    18
 Abil: Breathe Poison Ga |       |     1 ||     1
  Use: Potion            |       |     8 ||     8
  Eat: Chunk             |     2 |     1 ||     3
Armor: Leather armour    |    21 |    10 ||    31
Dodge: Dodged            |    45 |    28 ||    73

Table legend:
 A = Spawn XP
 B = Non-spawn XP
 C = Spawn XP percentage of total XP
 D = Spawn monster count
 E = Non-spawn monster count
 F = Spawn count percentage of total count
 G = Total turns spent on level
                    A         B        C        D         E        F      G
               +---------+---------+-------+---------+---------+-------+---------
         Total |       0 |     198 |   0.0 |       0 |      46 |   0.0 |  2335
               +---------+---------+-------+---------+---------+-------+---------
           D:1 |       0 |      45 |   0.0 |       0 |      25 |   0.0 |  1413
           D:2 |       0 |     153 |   0.0 |       0 |      21 |   0.0 |   922
               +---------+---------+-------+---------+---------+-------+---------
